 Dungeon Sprint DCSS version 0.30-a0-1053-gbd8d5ba0ad (webtiles) character file.

Game seed: 10632437772672449057

564 fozzywoppz the Blocker (level 7, -5/62 HPs)
             Began as a Formicid Fighter on Apr 12, 2023.
             Was an Elder of Qazlal.
             Slain by an ice devil (23 damage)
             ... in the Dungeon (Sprint VII: "The Pits").
             The game lasted 00:02:47 (377 turns).

fozzywoppz the Blocker (Formicid Fighter)            Turns: 377, Time: 00:02:47

Health: -5/62      AC: 14    Str: 23    XL:     7   Next: 58%
Magic:  13/13      EV:  8    Int:  7    God:    Qazlal [****..]
Gold:   0          SH: 12    Dex: 13    Spells: 6/6 levels left

rFire   . . .      SeeInvis +    a - +0 war axe
rCold   . . .      Faith    .    c - +0 buckler
rNeg    . . .      Spirit   .    d - +3 chain mail
rPois   .          Reflect  .    (helmet unavailable)
rElec   .          Rampage  .    (no cloak)
rCorr   .                        (no gloves)
Will    .....                    (no boots) Stlth
                                 (no amulet)
HPRegen 0.30/turn                (no ring)
MPRegen 0.13/turn                (no ring)

@: repel missiles
A: permanent stasis, dig shafts and tunnels, antennae 3, four strong arms
a: Dig, Renounce Religion, Upheaval, Elemental Force


You were in the Dungeon.
You worshipped Qazlal.
Qazlal was greatly pleased with you.
You visited 1 branch

Inventory:

Hand Weapons
 a - a +0 war axe (weapon)
 b - a +1 hand axe of freezing
Armour
 c - a +0 buckler (worn)
 d - a +3 chain mail (worn)
Scrolls
 h - a scroll of blinking
 j - 5 scrolls of amnesia
 k - a scroll of summoning
Potions
 e - 6 potions of curing
 f - 5 potions of heal wounds
 g - 4 potions of magic
 i - 2 potions of invisibility


   Skills:
 + Level 8.2 Fighting
 + Level 7.1 Axes
 + Level 8.2 Armour
 + Level 9.9 Shields
 + Level 8.0 Invocations


You had 6 spell levels left.
You didn't know any spells.
Your spell library was empty.

Dungeon Overview and Level Annotations

Branches:
Dungeon (1/1)

Altars:
Ashenzari
Cheibriados
Dithmenos
Elyvilon
Fedhas
Gozag
Hepliaklqana
Kikubaaqudgha
Makhleb
Nemelex Xobeh
Okawaru
Qazlal
Ru
Sif Muna
Trog
Uskayaw
Vehumet
Wu Jian
Xom
Yredelemnul
Zin
The Shining One
Jiyva
Lugonu


Innate Abilities, Weirdness & Mutations

You cannot be hasted, slowed, berserked, paralysed or teleported.
You can dig through walls and to a lower floor.
You have a pair of large antennae on your head. (SInv)
Your four strong arms can wield two-handed weapons with a shield.


Message History

You completely miss the ice devil.
The ice devil hits you but does no damage.
You barely miss the ice devil. You block the ice devil's attack.
You closely miss the ice devil.
The ice devil hits you but does no damage.
You closely miss the ice devil.
The ice devil hits you but does no damage.
You barely miss the ice devil. The ice devil hits you.
The ice devil freezes you!!
You slash the ice devil!
The ice devil is lightly wounded.
The ice devil hits you but does no damage.
You block the ice devil's attack.
You hit the ice devil but do no damage.
The ice devil is lightly wounded.
The ice devil hits you but does no damage.
You completely miss the ice devil.
The ice devil is lightly wounded.
The ice devil hits you. The ice devil freezes you!
You barely miss the ice devil.
The ice devil is lightly wounded.
The ice devil misses you.
You closely miss the ice devil.
The ice devil is lightly wounded.
The ice devil hits you but does no damage.
You barely miss the ice devil.
The ice devil is lightly wounded.
The ice devil hits you but does no damage. x2
You slash the ice devil!
The ice devil is moderately wounded.
The ice devil hits you but does no damage.
You closely miss the ice devil.
The ice devil is moderately wounded.
You block the ice devil's attack.
You hit the ice devil but do no damage.
The ice devil is moderately wounded.
The ice devil hits you!
* * * LOW HITPOINT WARNING * * *
The ice devil freezes you!!
You die...

#.#..#[))).##.......#
#'###########.......#
#.......#{{ #########
#..###..#{ #.......#{
{ ##.###.##+#
#.......#.+ {
#..###..#4#
#....†..'@# {
###########


You could see an ice devil.

Vanquished Creatures
  Prince Ribbit (D)
  A flying skull (D)
  A bullfrog (D)
  A scorpion (D)
  A quasit (D)
  A hound (D)
  A mummy (D)
  A goblin (D)
  A hobgoblin (D)
  4 jackals (D)
  A quokka (D)
  2 frilled lizards (D)
  A giant cockroach zombie (D)
  2 kobolds (D)
19 creatures vanquished.

Notes
Turn   | Place    | Note
-------+----------+-------------------------------------------
     0 | D        | fozzywoppz the Formicid Fighter began the quest for the
                  | Orb.
     0 | D        | Reached XP level 1. HP: 18/18 MP: 1/1
    43 | D        | Found a glowing golden altar of the Shining One.
    43 | D        | Found a glowing silver altar of Zin.
    43 | D        | Found a basalt altar of Yredelemnul.
    43 | D        | Found a shimmering altar of Xom.
    43 | D        | Found an ornate altar of the Wu Jian Council.
    43 | D        | Found a bloodstained altar of Trog.
    43 | D        | Found a shimmering blue altar of Sif Muna.
    43 | D        | Found a sacrificial altar of Ru.
    43 | D        | Found a stormy altar of Qazlal.
    43 | D        | Found an iron altar of Okawaru.
    43 | D        | Found a sparkling altar of Nemelex Xobeh.
    43 | D        | Found a burning altar of Makhleb.
    43 | D        | Found a viscous altar of Jiyva.
    43 | D        | Found a hazy altar of Hepliaklqana.
    43 | D        | Found an opulent altar of Gozag.
    43 | D        | Found a blossoming altar of Fedhas.
    43 | D        | Found a white marble altar of Elyvilon.
    43 | D        | Found a shadowy altar of Dithmenos.
    43 | D        | Found a snail-covered altar of Cheibriados.
    44 | D        | Found a radiant altar of Vehumet.
    44 | D        | Found a corrupted altar of Lugonu.
    45 | D        | Found a hide-covered altar of Uskayaw.
    45 | D        | Found an ancient bone altar of Kikubaaqudgha.
    45 | D        | Found a broken altar of Ashenzari.
    49 | D        | Became a worshipper of Qazlal Stormbringer
   103 | D        | Noticed a scorpion
   111 | D        | Reached * piety under Qazlal
   121 | D        | Killed a scorpion
   122 | D        | Reached skill level 5 in Shields
   122 | D        | Reached XP level 2. HP: 22/26 MP: 1/4
   122 | D        | Reached XP level 3. HP: 27/32 MP: 1/5
   122 | D        | Reached XP level 4. HP: 32/38 MP: 1/6
   210 | D        | Reached skill level 5 in Fighting
   210 | D        | Reached skill level 5 in Armour
   210 | D        | Reached skill level 6 in Shields
   210 | D        | Reached ** piety under Qazlal
   279 | D        | Noticed a bullfrog
   280 | D        | Noticed a flying skull
   288 | D        | Reached XP level 5. HP: 46/46 MP: 8/8
   299 | D        | Killed a flying skull
   299 | D        | Reached *** piety under Qazlal
   300 | D        | Reached skill level 5 in Axes
   300 | D        | Reached skill level 8 in Shields
   300 | D        | Reached XP level 6. HP: 45/55 MP: 8/10
   311 | D        | Reached **** piety under Qazlal
   325 | D        | Reached skill level 9 in Shields
   332 | D        | Noticed Prince Ribbit
   346 | D        | Killed Prince Ribbit
   347 | D        | Reached XP level 7. HP: 53/62 MP: 11/13
   363 | D        | Noticed an ice devil
   377 | D        | Slain by an ice devil

Illustrated notes

Levels and vault maps discovered:
D:        pitsprint [storerooms_1, entrance_room_1, metal_vault_8, armoury_1,
          mini_pit_1, grid_room_1, main_hall_1, silver_pit, the_coven_3,
          the_vestibule_1, steel_vault_1, golden_pit, hallway_of_sentries,
          crystal_vault_6, iron_vault_4, final_vault]

Skill      XL: |  1  2  3  4  5  6 |
---------------+-------------------+-----
Fighting       | 4 5 7 8 |  8.2
Axes           | 3 4 5 7 |  7.1
Armour         | 4 5 7 8 |  8.2
Shields        | 5 6 8 9 |  9.9
Invocations    | 3 4 6 8 |  8.0

Action                     |  1- 3 |  4- 6 |  7- 9 || total
---------------------------+-------+-------+-------++-------
  Melee: War axe           |    33 |    73 |    14 ||   120
    Use: Potion            |       |     2 |       ||     2
 Armour: Scale mail        |     9 |    56 |       ||    65
         Chain mail        |       |    17 |     9 ||    26
  Dodge: Dodged            |    19 |    55 |     1 ||    75
  Block: Buckler           |     9 |    53 |     3 ||    65

Table legend: (Time is in decaauts)
 A = Elapsed time spent in this place.
 B = Non-inter-level travel time spent in this place.
 C = Inter-level travel time spent in this place.
 D = Time resting spent in this place.
 E = Time spent auto-exploring this place.
 F = Levels seen in this place.
 G = Mean time per level.
                   A        B        C        D        E       F      G
               +--------+--------+--------+--------+--------+-----+--------+
         Total |    414 |    414 |      0 |     80 |      0 |   1 |  414.0 |
       Dungeon |    414 |    414 |      0 |     80 |      0 |   1 |  414.0 |
               +--------+--------+--------+--------+--------+-----+--------+

Top non-repeatable levels by time:
       D: 414 daAuts
